 Dungeon Crawl Stone Soup version 0.29.0-11-gd7f09526c8 (webtiles) character file.

Game seed: 14795132735686174072

16 Lochraine the Stinger (level 1, -3/10 HPs)
             Began as a Gargoyle Venom Mage on Sept 6, 2022.
             Was a Follower of Ru.
             Killed from afar by Natasha (7 damage)
             ... with a magic dart
             ... on level 2 of the Dungeon.
             The game lasted 00:04:38 (1275 turns).

Lochraine the Stinger (Gargoyle Venom Mage)         Turns: 1275, Time: 00:04:38

Health: -3/10      AC:  5    Str: 11    XL:     1   Next: 58%
Magic:  0/3        EV: 11    Int: 15    God:    Ru [*.....]
Gold:   82         SH:  0    Dex: 10    Spells: 3/4 levels left

rFire   . . .      SeeInvis .   f - +0 dagger
rCold   . . .      Faith    .   (no shield)
rNeg    + . .      Spirit   .   a - +0 robe
rPois   ∞          Reflect  .   (no helmet)
rElec   +          Harm     .   k - +0 cloak
rCorr   .          Rampage  .   (no gloves)
Will    .....                   (no boots)
Stlth   ++........              (no amulet)
HPRegen 0.03/turn               (no ring)
MPRegen 0.08/turn               (no ring)

@: no status effects
A: sickness immunity, AC +2, negative energy resistance 1, electricity
resistance, torment resistance 1, petrification resistance, inexperienced 1
a: Renounce Religion


You were on level 2 of the Dungeon.
You worshipped Ru.
Ru was aware of your devotion.
You visited 1 branch of the dungeon, and saw 2 of its levels.

You collected 82 gold pieces.

Inventory:

Hand Weapons
 f - a +0 dagger (weapon)
   (You found it on level 1 of the Dungeon)
Armour
 a - a +0 robe (worn)
 h - a +0 robe
   (You found it on level 1 of the Dungeon)
 k - a +0 cloak (worn)
   (You found it on level 1 of the Dungeon)
 m - a +0 ring mail
   (You found it on level 2 of the Dungeon)
Scrolls
 c - a scroll of poison {unknown}
 d - 2 scrolls of identify {unknown}
 e - a scroll of teleportation {unknown}
 i - a scroll of noise {unknown}
 j - a scroll of amnesia {unknown}
 l - a scroll of immolation {unknown}
Potions
 b - a potion of magic
 g - 2 potions of flight {unknown}
 n - a potion of brilliance {unknown}


   Skills:
 - Level 1.5 Dodging
 - Level 2.1 Stealth
 + Level 2.3 Spellcasting
 + Level 1.2 Transmutations
 + Level 3.2 Poison Magic


You had 3 spell levels left.
You knew the following spells:

 Your Spells              Type           Power      Damage    Failure   Level
a - Sting                 Tmut/Pois      32%        1d4       9%          1

Your spell library contained the following spells:

 Spells                   Type           Power      Damage    Failure   Level
 Poisonous Vapours        Pois/Air       12%        N/A       17%         2
 Mephitic Cloud           Conj/Pois/Air  5%         N/A       38%         3
 Olgreb's Toxic Radiance  Pois           11%        N/A       50%         4


Dungeon Overview and Level Annotations

Branches:
Dungeon (2/15) Zot: 10724

Altars:
Ru

Shops:
D:1 =

Annotations:
D:2 Natasha


Innate Abilities, Weirdness & Mutations

You are immune to sickness and miasma.
Your stone body is resilient. (AC +2)
You are immune to poison.
You resist negative energy. (rN+)
You are resistant to electric shocks. (rElec)
You are resistant to unholy torment.
You are immune to petrification.
You are somewhat inexperienced. (-1 XL)


Message History

There is an open door here.
You see here a rat skeleton.
Found a yellow potion.
Found a stone staircase leading down.
n - a yellow potion
Found a scroll labelled RAULUZ GUSK.
An adder comes into view.
Found 5 poisoned darts.
Found an escape hatch in the ceiling.
You open the door.
Natasha, Servant of Life and Death comes into view.
Natasha hisses angrily.
There is an open door here.
You can't see any susceptible monsters within range! (Use Z to cast anyway.)
There is a stone staircase leading down here.
You can't see any susceptible monsters within range! (Use Z to cast anyway.)
The adder hisses angrily.
You can't see any susceptible monsters within range! (Use Z to cast anyway.) Natasha begins to cast a spell, but is stunned by your conviction!
You can't see any susceptible monsters within range! (Use Z to cast anyway.) Natasha begins to cast a spell, but is stunned by your conviction!
You can't see any susceptible monsters within range! (Use Z to cast anyway.) Unknown command.
Aim: Natasha (60% to hit)
The sting hits Natasha.
Natasha is poisoned.
Natasha stares at you and mumbles some strange words.
The magic dart hits you.
Ouch! That really hurt!
* * * LOW HITPOINT WARNING * * *
There is an open door here.
You see here a rat skeleton.
Aim: Natasha (lightly wounded, poisoned, 60% to hit)
The sting misses Natasha.
Natasha begins to cast a spell, but is stunned by your conviction!
Things that are here:
a +0 club; a stone
Aim: Natasha (moderately wounded, poisoned, 60% to hit)
The sting hits Natasha but does no damage.
Natasha looks even sicker.
Natasha claws you.
* * * LOW HITPOINT WARNING * * *
Natasha attacks as you move away! Natasha barely misses you.
Natasha stares at you and mumbles some strange words.
You resist with significant effort.
Aim: Natasha (moderately wounded, very poisoned, 60% to hit)
The sting hits Natasha.
Natasha looks even sicker.
Natasha hisses.
Natasha casts a spell at you. The magic dart hits you!
Ouch! That really hurt!
You die...

#.....# #....##
#....# #####÷###
#.)...# #S#####
#h# #.#
#########@#
#.......#.#
#.......#.#
#.......#.#
#.......#.#
#.......#.#
#.......#.#
#....)....#
############(###


You could see Natasha (very poisoned) and an adder.

Vanquished Creatures
  2 ball pythons (D:1)
  2 giant cockroaches (D:1)
  2 goblins (D:1)
  3 hobgoblins
  2 frilled lizards (D:1)
  2 kobolds
  2 rats
15 creatures vanquished.

Notes
Turn   | Place    | Note
-------+----------+-------------------------------------------
     0 | D:1      | Lochraine the Gargoyle Venom Mage began the quest for the
                  | Orb.
     0 | D:1      | Reached XP level 1. HP: 10/10 MP: 3/3
   144 | D:1      | Reached skill level 1 in Transmutations
   322 | D:1      | Reached XP level 2. HP: 15/15 MP: 0/5
   475 | D:1      | Found a faded altar of an unknown god.
   488 | D:1      | Prayed at the altar of an unknown god.
   488 | D:1      | Became a worshipper of Ru the Awakened
   506 | D:1      | Gained mutation: You are somewhat inexperienced. (-1 XL)
                  | [Ru sacrifice]
   506 | D:1      | Reached XP level 1. HP: 10/10 MP: 3/3
   506 | D:1      | Reached * piety under Ru
   668 | D:1      | Found Kodghut's Jewellery Shop.
  1248 | D:2      | Noticed Natasha
  1275 | D:2      | Killed from afar by Natasha

Illustrated notes

Levels and vault maps discovered:
D:1:      eino_arrival_tree_alley, layout_basic, serial_shops, shop_statue,
          shapermc_ecumenical_altar_pompeii
D:2:      layout_basic, minmay_lizard_pond, uniq_terence, uniq_natasha

Skill      XL: |  1 |
---------------+----+-----
Transmutations | 1 |  1.2
Dodging        | |  1.5
Stealth        | |  2.1
Spellcasting   | |  2.3
Poison Magic   | |  3.2

Action                   || total
-------------------------++-------
Melee: Unarmed           ||     7
       Dagger            ||     3
 Cast: Sting             ||    32
Invok: Sacrifice Experie ||     1
Armor: Robe              ||     6
Dodge: Dodged            ||     9
